 Dungeon Crawl Stone Soup version 0.31.0-32-g396128a36d (webtiles) character file.

Game seed: 11221217416822354902

156 Cheops the Ruffian (level 5, 0/33 HPs)
             Began as an Octopode Shapeshifter on Mar 24, 2024.
             Splashed by a jelly's acid (1 damage)
             ... on level 3 of the Dungeon.
             The game lasted 00:03:06 (2247 turns).

Cheops the Ruffian (Octopode Shapeshifter)          Turns: 2247, Time: 00:03:07

Health: 0/33       AC: -11   Str: 15    XL:     5   Next: 37%
Magic:  5/5        EV: 13    Int: 13    God:
Gold:   148        SH:  0    Dex: 11    Spells: 4/4 levels left

rFire   . .          .
                       - Unarmed
rCold   . . .        (no shield)
rNeg    . . .        (helmet currently unavailable)
rPois   .            k - amulet of the acrobat
rElec   .            (no ring)
rCorr   .            (no ring)
SInv    .            (no ring)
Will    .....        (no ring)
Stlth   ++           (no ring)
HPRegen 0.25/turn    (no ring)
MPRegen 0.09/turn    (no ring)
                     (no ring)

%: acrobat
@: beast-form, corroded
A: beast (slay +2), almost no armour, amphibious, 8 rings, camouflage 1,
gelatinous body 1, (nimble swimmer 1), tentacles
a: Begin Untransformation


You were on level 3 of the Dungeon.
You were a hulking beast.
You visited 1 branch of the dungeon, and saw 3 of its levels.

You collected 148 gold pieces.

Inventory:

Jewellery
 k - an amulet of the acrobat (around mantle)
Talismans
 b - a beast talisman (active)
 c - a flux talisman
 o - a beast talisman (active)
Wands
 g - a wand of flame (20)
Scrolls
 h - a scroll of noise {unknown}
 i - 2 scrolls of immolation {unknown}
 j - 3 scrolls of teleportation {unknown}
 l - a scroll of brand weapon {unknown}
 p - a scroll of identify {unknown}
Potions
 a - a potion of lignification
 d - a potion of attraction {unknown}
 e - a potion of mutation {unknown}
 f - a potion of degeneration {unknown}
 m - a potion of resistance {unknown}
 n - a potion of brilliance {unknown}


   Skills:
 - Level 1.0 Fighting
 - Level 2.0 Dodging
 - Level 5.0 Unarmed Combat
 + Level 4.1 Shapeshifting


You had 4 spell levels left.
You didn't know any spells.
Your spell library was empty.

Dungeon Overview and Level Annotations

Branches:
Dungeon (3/15)

Altars:
Fedhas
Xom
Zin


Innate Abilities, Weirdness & Mutations

You are a hulking beast.
Your limbs bulge with bestial killing power. (Slay +2)
You cannot wear most types of armour.
You are amphibious.
You can wear up to eight rings at the same time.
Your skin changes colour to match your surroundings (Stealth+).
Your rubbery body absorbs attacks. (AC +1, EV +1)
((You are camouflaged when in or above water. (Stealth+)))
You have tentacles for arms and can constrict up to eight enemies at once.


Message History

You kill the jelly!
Your Shapeshifting skill increases to level 4!
No target in view!
No target in view!
No target in view!
No target in view!
No target in view!
You now have 148 gold pieces (gained 8).
p - a scroll labelled VEMOINENU A jelly comes into view.
A jelly is nearby!
A jelly is nearby!
A jelly is nearby!
A quokka comes into view.
The jelly quivers.
The jelly barely misses you.
You barely miss the jelly. The jelly hits you. The acid corrodes you!
You are splashed with acid!
You are too injured to fight recklessly!
You are too injured to fight recklessly!
You completely miss the jelly. You squeeze the jelly.
The jelly is moderately wounded.
The jelly hits you. The acid corrodes you!
You are splashed with acid!
* * * LOW HITPOINT WARNING * * *
You tentacle-slap the jelly but do no damage.
Your tentacles burn!
* * * LOW HITPOINT WARNING * * *
You squeeze the jelly.
The jelly is moderately wounded.
The jelly barely misses you.
You tentacle-slap the jelly. The acid corrodes you!
Your tentacles burn!
* * * LOW HITPOINT WARNING * * *
The jelly is heavily wounded.
The jelly hits you.
* * * LOW HITPOINT WARNING * * *
You are splashed with acid!
* * * LOW HITPOINT WARNING * * *
You tentacle-slap the jelly but do no damage.
The acid corrodes you!
Your tentacles burn!
You die...

##.............#...#.
#...
###...........#####...
#... #..................
#...
#..............r..####
... ...............# ...
...............#...# ...
...............#...# ...
......J........#...# ...
.......h.......#...##...
........................
........................
........................
....#####+#.............
.... #.###......... ...
#.# ##........ .. #.#
#........ ..# #........


You could see a jelly and a quokka (asleep).

Vanquished Creatures
  A jelly (D:3)
  4 gnolls
  3 adders (D:2)
  A dart slug (D:2)
  A ribbon worm (D:2)
  4 endoplasms
  3 giant cockroaches
  4 hobgoblins
  7 jackals
  A quokka (D:1)
  6 ball pythons
  6 bats
  A frilled lizard (D:1)
  6 goblins
  6 kobolds
  5 rats
59 creatures vanquished.

Notes
Turn   | Place    | Note
-------+----------+-------------------------------------------
     0 | D:1      | Cheops the Octopode Shapeshifter began the quest for the
                  | Orb.
     0 | D:1      | Reached XP level 1. HP: 13/13 MP: 1/1
   162 | D:1      | Reached XP level 2. HP: 18/18 MP: 2/2
   390 | D:1      | Reached skill level 4 in Unarmed Combat
   398 | D:1      | Reached XP level 3. HP: 23/23 MP: 3/3
   969 | D:2      | Reached XP level 4. HP: 28/28 MP: 4/4
   999 | D:2      | Found a faded altar of an unknown god.
  1125 | D:2      | Reached skill level 5 in Unarmed Combat
  1970 | D:3      | Reached XP level 5. HP: 19/33 MP: 5/5
  2028 | D:3      | Found a blossoming altar of Fedhas.
  2043 | D:3      | Noticed an angel
  2044 | D:3      | Found a glowing silver altar of Zin.
  2044 | D:3      | Found a shimmering altar of Xom.
  2246 | D:3      | HP: 1/33 [acid (7)]
  2247 | D:3      | Splashed by a jelly's acid

Illustrated notes

Levels and vault maps discovered:
D:1:      matt_arrival_grand_opening, layout_loops_ring
D:2:      layout_basic, ebering_ecumenical_altar_abandoned,
          minmay_worlds_worst_comb
D:3:      layout_basic, grunt_temple_overflow_order_and_chaos_1,
          nicolae_yredelemnul_ghost_church, fedhas_ov_isle_minmay,
          minmay_distorted

Skill      XL: |  1  2  3  4  5 |
---------------+----------------+-----
Unarmed Combat | 4 5 |  5.0
Shapeshifting  | 4 |  4.1
Fighting       | |  1.0
Dodging        | |  2.0

Action                     |  1- 3 |  4- 6 || total
---------------------------+-------+-------++-------
  Melee: Unarmed           |    77 |    47 ||   124
         Tentacles         |    17 |    11 ||    28
         Constrict         |    13 |    10 ||    23
         Punch             |     1 |       ||     1
Ability: Begin Untransform |     1 |       ||     1
    Use: Scroll            |       |     1 ||     1
   Stab: Sleeping          |     5 |     2 ||     7
 Armour: Skin              |    25 |    18 ||    43
  Dodge: Dodged            |    35 |    36 ||    71
   Form: Beast             |     1 |       ||     1
